Thunderbirds vs Condors
Created - December 14, 2024 at 10:07
Goals
|
| Thunderbirds |
0 |
1 |
1 |
2 |
| Condors |
1 |
2 |
1 |
4 |
|
Shots
|
| Thunderbirds |
11 |
14 |
4 |
29 |
| Condors |
12 |
9 |
9 |
30 |
|
1st period
1. Condors , Klim Kostin 7 (Evan Bouchard 9, Martin Frk 13) at 17:55
Penalties :
No Penalty
2nd period
2. Thunderbirds , Pierre Engvall 6 (Joachim Blichfeld 14, Rourke Chartier 20) at 0:10
3. Condors , Klim Kostin 8 (Nick Shore 22, Ryan McLeod 4) at 10:39
4. Condors , Adam Erne 8 (Tyson Jost 15, Yegor Sharangovich 11) at 12:30
Penalties :
Rourke Chartier (Spr) for Slashing (Minor) at 3:19, Nick Shore (Bak) for High sticking (Minor) at 8:31, Klim Kostin (Bak) for Holding (Minor) at 12:45, Rourke Chartier (Spr) for Roughing (Minor) at 19:01
3rd period
5. Thunderbirds , Rourke Chartier 9 (Joachim Blichfeld 15, Magnus Hellberg) at 11:20 (PP)
6. Condors , Nick Shore 13 (Martin Frk 14, Adam Erne 23) at 19:19 (Empty Net)
Penalties :
Alexander Alexeyev (Bak) for Roughing (Double Minor) at 4:13, Raphael Lavoie (Bak) for Tripping (Minor) at 11:09, Dylan Blujus (Spr) for Roughing (Minor) at 13:57
Goalie Stats
Magnus Hellberg (Spr), 26 saves from 29 shots - (0.897), L, 3-2-0, 59:26 minutes
Stuart Skinner (Bak), 27 saves from 29 shots - (0.931), W, 7-8-1, 60:00 minutes
Players Stats for Thunderbirds
Player Name G A P +/- PIM S H SB GA TA FO MP PP MP PK MP
------------------------------------------------------------------------------------
Anthony Richard 0 0 0 0 0 3 1 0 1 0 5/7 16:00 3:38 1:34
Artturi Lehkonen 0 0 0 0 0 0 2 0 0 0 0/0 8:37 0:53 0:48
Calen Addison 0 0 0 -2 0 0 2 1 2 1 0/0 27:15 4:05 3:26
Dylan Blujus 0 0 0 1 2 1 0 1 0 0 0/0 18:28 0:18 1:34
Dylan Sikura 0 0 0 0 0 1 3 1 2 1 0/0 14:35 0:57 1:09
Emil Bemstrom 0 0 0 -1 0 2 2 0 0 0 0/1 14:10 3:38 0:00
Frederic Allard 0 0 0 -1 0 1 0 1 0 0 0/0 15:38 0:18 2:31
Henri Jokiharju 0 0 0 -2 0 0 1 1 0 1 0/0 23:56 3:45 3:26
Joachim Blichfeld 0 2 2 -2 0 3 3 0 2 0 0/1 19:21 3:33 0:00
Matt Roy 0 0 0 0 0 1 0 0 0 0 0/0 18:13 3:45 0:57
Michael Rasmussen 0 0 0 -2 0 1 4 0 0 0 0/1 16:40 3:30 0:00
Paul Cotter 0 0 0 -1 0 1 1 1 0 0 0/0 14:10 3:38 0:00
Pierre Engvall 1 0 1 0 0 7 1 0 1 0 1/2 19:18 0:07 3:43
Rasmus Kupari 0 0 0 0 0 0 1 1 0 0 1/5 8:26 0:11 0:00
Rourke Chartier 1 1 2 -2 4 7 1 1 1 0 12/25 19:58 3:33 0:00
Sami Niku 0 0 0 -2 0 0 3 0 1 0 0/0 16:08 4:05 0:00
Trent Frederic 0 0 0 -1 0 1 0 0 0 0 5/10 15:01 0:46 3:39
Trey Fix-Wolansky 0 0 0 0 0 0 1 0 0 0 1/1 8:06 0:00 1:01
Players Stats for Condors
Player Name G A P +/- PIM S H SB GA TA FO MP PP MP PK MP
------------------------------------------------------------------------------------
Adam Erne 1 1 2 1 0 5 1 3 0 2 1/3 21:57 3:21 4:36
Alexander Alexeyev 0 0 0 1 4 0 3 1 0 0 0/0 18:40 1:39 1:39
Alexandre Carrier 0 0 0 1 0 3 0 3 1 2 0/0 27:18 4:18 4:05
Cody Glass 0 0 0 0 0 0 1 0 0 0 0/0 11:04 0:00 0:00
Connor Hurley 0 0 0 0 0 3 0 0 1 0 5/8 11:19 0:00 0:15
Evan Bouchard 0 1 1 1 0 3 0 0 0 2 0/0 24:12 4:18 4:03
Gustav Olofsson 0 0 0 1 0 0 3 0 0 0 0/0 20:21 1:39 3:29
Jordan Subban 0 0 0 1 0 1 1 0 0 0 0/0 13:07 0:00 1:54
Klim Kostin 2 0 2 2 2 4 1 0 0 0 0/0 17:32 2:36 2:03
Martin Frk 0 2 2 2 0 0 3 0 0 0 0/0 16:11 3:21 0:00
Nick Shore 1 1 2 3 2 2 1 0 1 1 11/17 19:41 3:21 3:22
Nikolai Knyzhov 0 0 0 1 0 1 1 0 0 1 0/0 12:22 0:00 1:06
Philip Broberg 0 0 0 0 0 0 0 2 0 0 0/0 4:06 0:00 0:00
Pontus Holmberg 0 0 0 0 0 0 2 0 0 0 0/0 7:50 0:00 0:00
Raphael Lavoie 0 0 0 0 2 0 1 0 0 0 0/0 7:49 0:00 0:00
Ryan McLeod 0 1 1 1 0 4 0 0 0 0 1/2 9:37 0:00 1:38
Taro Hirose 0 0 0 0 0 2 1 0 0 1 1/1 11:50 0:00 0:39
Tyson Jost 0 1 1 0 0 1 3 0 0 0 9/20 17:58 2:36 1:20
Yegor Sharangovich 0 1 1 0 0 1 0 0 0 1 0/2 18:54 2:36 2:23
3 Stars
1 - Klim Kostin (Bak)
2 - Adam Erne (Bak)
3 - Nick Shore (Bak)
Power Play
Thunderbirds - 1 on 5 Attempt(s) - 20.00%
Condors - 0 on 3 Attempt(s) - 0.00%
Penalty Kill
Thunderbirds - 3 on 3 Attempt(s) - 100.00%
- Score 0 goal in Penalty Kill
Condors - 4 on 5 Attempt(s) - 80.00%
- Score 0 goal in Penalty Kill
Team Stat
Thunderbirds - Hits : 26 - Faceoff Wins : 25 - Blocked Shots : 8 - Penalty Minutes : 6
Condors - Hits : 22 - Faceoff Wins : 28 - Blocked Shots : 9 - Penalty Minutes : 10
Official
Referees : Pierre Lambert and Marc Joannette
Linesman : Matt MacPherson and Bevan Mills
Game Notes
Nick Shore has scored in a empty net!
Finance
Level 1 -- Attendance: 1885 (94.25%) -- Ticket Income $131,950
Level 2 -- Attendance: 938 (93.80%) -- Ticket Income $37,520
Total Attendance: 2823 (94.10%)
Total Ticket Income: $169,470
Other Income: $8,474
Total Income: $177,944
Thunderbirds
5 vs 5 Forward
Center Left Wing Right Wing Time % Phy DF OF
1 Rourke Chartier Pierre Engvall Joachim Blichfeld 40 1 2 2
2 Anthony Richard Michael Rasmussen Dylan Sikura 30 1 2 2
3 Trent Frederic Paul Cotter Emil Bemstrom 20 1 2 2
4 Rasmus Kupari Artturi Lehkonen Trey Fix-Wolansky 10 1 2 2
5 vs 5 Defense
Defense Defense Time % Phy DF OF
1 Calen Addison Henri Jokiharju 40 1 2 2
2 Dylan Blujus Matt Roy 30 1 2 2
3 Frederic Allard Sami Niku 20 1 2 2
4 Calen Addison Dylan Blujus 10 1 2 2
PowerPlay Forward
Center Left Wing Right Wing Time % Phy DF OF
1 Rourke Chartier Michael Rasmussen Joachim Blichfeld 60 1 2 2
2 Anthony Richard Paul Cotter Emil Bemstrom 40 1 2 2
PowerPlay Defense
Defense Defense Time % Phy DF OF
1 Sami Niku Calen Addison 60 1 2 2
2 Matt Roy Henri Jokiharju 40 1 2 2
Penalty Kill 4 Players Forward
Center Wing Time % Phy DF OF
1 Trent Frederic Pierre Engvall 60 1 2 2
2 Anthony Richard Dylan Sikura 40 1 2 2
Penalty Kill 4 Players Defense
Defense Defense Time % Phy DF OF
1 Henri Jokiharju Calen Addison 60 1 2 2
2 Dylan Blujus Frederic Allard 40 1 2 2
Penalty Kill - 3 Players Forward
Forward Time % Phy DF OF
1 Trent Frederic 60 1 2 2
2 Anthony Richard 40 1 2 2
Penalty Kill - 3 Players Defense
Defense Defense Time % Phy DF OF
1 Dylan Blujus Henri Jokiharju 60 1 2 2
2 Calen Addison Frederic Allard 40 1 2 2
4 vs 4 Forward
Center Wing Time % Phy DF OF
1 Rourke Chartier Michael Rasmussen 60 1 2 2
2 Anthony Richard Artturi Lehkonen 40 1 2 2
4 vs 4 Defense
Defense Defense Time % Phy DF OF
1 Henri Jokiharju Dylan Blujus 60 1 2 2
2 Matt Roy Calen Addison 40 1 2 2
Last Minutes Offensive
Center Left Wing Right Wing Defense Defense
Rourke Chartier Michael Rasmussen Joachim Blichfeld Calen Addison Sami Niku
Last Minutes Defensive
Center Left Wing Right Wing Defense Defense
Trent Frederic Pierre Engvall Dylan Sikura Henri Jokiharju Frederic Allard
Goaltenders
Starting : Magnus Hellberg
Backup : Emil Larmi
Extra Forwards
Normal : Rasmus Kupari, Dylan Sikura, Trey Fix-Wolansky - PP : Trent Frederic, Artturi Lehkonen - PK : Trey Fix-Wolansky
Extra Defensemen
Normal : Frederic Allard, Sami Niku, Calen Addison - PP : Sami Niku - PK : Frederic Allard, Dylan Blujus
Penalty Shots
Rourke Chartier, Anthony Richard, Joachim Blichfeld, Trey Fix-Wolansky, Rasmus Kupari
Custom OT Lines Forwards
Rourke Chartier, Pierre Engvall, Dylan Sikura, Joachim Blichfeld, Anthony Richard, Trent Frederic, Artturi Lehkonen, Michael Rasmussen, Emil Bemstrom, Paul Cotter
Custom OT Lines Defensemen
Calen Addison, Henri Jokiharju, Dylan Blujus, Frederic Allard, Matt Roy
Scratches
Nathan Smith (Healthy), Jeremy Lauzon (Left Hip Injury), Alex Vlasic (Healthy), Rafael Harvey-Pinard (Healthy), Nicholas Robertson (Healthy)
Arturs Silovs (Healthy)
Condors
5 vs 5 Forward
Center Left Wing Right Wing Time % Phy DF OF
1 Tyson Jost Adam Erne Yegor Sharangovich 40 1 2 2
2 Nick Shore Klim Kostin Martin Frk 30 1 2 2
3 Connor Hurley Taro Hirose Cody Glass 20 1 2 2
4 Ryan McLeod Raphael Lavoie Pontus Holmberg 10 1 2 2
5 vs 5 Defense
Defense Defense Time % Phy DF OF
1 Alexandre Carrier Evan Bouchard 40 1 2 2
2 Gustav Olofsson Alexander Alexeyev 30 1 2 2
3 Jordan Subban Nikolai Knyzhov 20 1 2 2
4 Philip Broberg Alexandre Carrier 10 1 2 2
PowerPlay Forward
Center Left Wing Right Wing Time % Phy DF OF
1 Nick Shore Adam Erne Martin Frk 60 1 2 2
2 Tyson Jost Klim Kostin Yegor Sharangovich 40 1 2 2
PowerPlay Defense
Defense Defense Time % Phy DF OF
1 Alexandre Carrier Evan Bouchard 60 1 2 2
2 Gustav Olofsson Alexander Alexeyev 40 1 2 2
Penalty Kill 4 Players Forward
Center Wing Time % Phy DF OF
1 Nick Shore Adam Erne 60 1 2 2
2 Tyson Jost Klim Kostin 40 1 2 2
Penalty Kill 4 Players Defense
Defense Defense Time % Phy DF OF
1 Alexandre Carrier Evan Bouchard 60 1 2 2
2 Gustav Olofsson Alexander Alexeyev 40 1 2 2
Penalty Kill - 3 Players Forward
Forward Time % Phy DF OF
1 Nick Shore 60 1 2 2
2 Tyson Jost 40 1 2 2
Penalty Kill - 3 Players Defense
Defense Defense Time % Phy DF OF
1 Alexandre Carrier Evan Bouchard 60 1 2 2
2 Gustav Olofsson Alexander Alexeyev 40 1 2 2
4 vs 4 Forward
Center Wing Time % Phy DF OF
1 Nick Shore Adam Erne 60 1 2 2
2 Tyson Jost Klim Kostin 40 1 2 2
4 vs 4 Defense
Defense Defense Time % Phy DF OF
1 Alexandre Carrier Evan Bouchard 60 1 2 2
2 Gustav Olofsson Alexander Alexeyev 40 1 2 2
Last Minutes Offensive
Center Left Wing Right Wing Defense Defense
Nick Shore Adam Erne Martin Frk Alexandre Carrier Evan Bouchard
Last Minutes Defensive
Center Left Wing Right Wing Defense Defense
Nick Shore Adam Erne Martin Frk Alexandre Carrier Evan Bouchard
Goaltenders
Starting : Stuart Skinner
Backup : Jaxson Stauber
Extra Forwards
Normal : Yegor Sharangovich, Klim Kostin, Taro Hirose - PP : Yegor Sharangovich, Klim Kostin - PK : Yegor Sharangovich
Extra Defensemen
Normal : Jordan Subban, Nikolai Knyzhov, Philip Broberg - PP : Jordan Subban - PK : Jordan Subban, Nikolai Knyzhov
Penalty Shots
Adam Erne, Martin Frk, Nick Shore, Tyson Jost, Yegor Sharangovich
Custom OT Lines Forwards
Adam Erne, Martin Frk, Nick Shore, Tyson Jost, Yegor Sharangovich, Klim Kostin, Taro Hirose, Cody Glass, Connor Hurley, Pontus Holmberg
Custom OT Lines Defensemen
Alexandre Carrier, Evan Bouchard, Gustav Olofsson, Alexander Alexeyev, Jordan Subban
Scratches
Cole Cassels (Healthy), Colin White (Healthy), Semyon Der-Arguchintsev (Healthy), Jeremy Gregoire (Healthy), Robin Salo (Healthy)
Filip Kral (Healthy), Brayden Pachal (Healthy), Remi Elie (Healthy), Filip Johansson (Healthy), Lucas Johansen (Healthy)
Cole Fonstad (Healthy), Jack Perbix (Healthy), Filip Cederqvist (Healthy), Michael Dipietro (Healthy)
% Time on Ice - Thunderbirds
Lines # - Real PCT - Wanted PCT - Time Play
Normal Forward
1 - 36% - 40% - 16:13
2 - 27% - 30% - 12:25
3 - 23% - 20% - 10:30
4 - 14% - 10% - 6:26
Normal Defense
1 - 37% - 40% - 17:01
2 - 33% - 30% - 15:09
3 - 22% - 20% - 10:08
4 - 7% - 10% - 3:16
PP Forward
1 - 55% - 60% - 4:30
2 - 45% - 40% - 3:38
PP Defense
1 - 50% - 60% - 4:05
2 - 50% - 40% - 4:03
PK Forward
1 - 81% - 60% - 4:48
2 - 19% - 40% - 1:09
PK Defense
1 - 58% - 60% - 3:26
2 - 42% - 40% - 2:31
PK3 Forward
1 - 0% - 60%
2 - 0% - 40%
PK3 Defense
1 - 0% - 60%
2 - 0% - 40%
44 Forward
1 - 0% - 60%
2 - 0% - 40%
44 Defense
1 - 0% - 60%
2 - 0% - 40%
Last Minute Offensive - 0:21
Last Minute Defensive - 0:00
Total
Forward - 60:00
Defense - 60:00
|
% Time on Ice - Condors
Lines # - Real PCT - Wanted PCT - Time Play
Normal Forward
1 - 30% - 40% - 13:51
2 - 28% - 30% - 12:52
3 - 24% - 20% - 11:04
4 - 17% - 10% - 7:50
Normal Defense
1 - 34% - 40% - 15:44
2 - 33% - 30% - 15:12
3 - 23% - 20% - 10:35
4 - 9% - 10% - 4:06
PP Forward
1 - 56% - 60% - 3:21
2 - 44% - 40% - 2:36
PP Defense
1 - 72% - 60% - 4:18
2 - 28% - 40% - 1:39
PK Forward
1 - 84% - 60% - 6:48
2 - 16% - 40% - 1:20
PK Defense
1 - 49% - 60% - 3:59
2 - 51% - 40% - 4:09
PK3 Forward
1 - 0% - 60%
2 - 0% - 40%
PK3 Defense
1 - 0% - 60%
2 - 0% - 40%
44 Forward
1 - 0% - 60%
2 - 0% - 40%
44 Defense
1 - 0% - 60%
2 - 0% - 40%
Last Minute Offensive - 0:00
Last Minute Defensive - 0:18
Total
Forward - 60:00
Defense - 60:00
|
Play-by-Play
1st period
0:01 of 1st period - Pierre Engvall wins face-off versus Tyson Jost in neutral zone.
0:27 of 1st period - Anthony Richard is hit by Nick Shore and loses puck.
1:12 of 1st period - Slapshot by Pierre Engvall.
1:12 of 1st period - Stopped by Stuart Skinner with a rebound.
1:50 of 1st period - Nikolai Knyzhov is hit by Michael Rasmussen and loses puck.
1:57 of 1st period - Wrist shot by Martin Frk.
1:57 of 1st period - Shot Misses the Net.
1:59 of 1st period - Snap shot by Jordan Subban.
1:59 of 1st period - Stopped by Magnus Hellberg without a rebound.
2:00 of 1st period - Tyson Jost wins face-off versus Rourke Chartier in Thunderbirds zone.
2:17 of 1st period - Snap shot by Rourke Chartier.
2:17 of 1st period - Stopped by Stuart Skinner without a rebound.
2:18 of 1st period - Connor Hurley wins face-off versus Trent Frederic in Condors zone.
2:49 of 1st period - Wrist shot by Nick Shore.
2:49 of 1st period - Deflect By Frederic Allard.
2:49 of 1st period - Shot Blocked by Frederic Allard.
2:49 of 1st period - Puck is out of play.
2:50 of 1st period - Tyson Jost wins face-off versus Rourke Chartier in Thunderbirds zone.
3:19 of 1st period - Wrist shot by Ryan McLeod.
3:19 of 1st period - Shot Blocked by Dylan Sikura.
4:01 of 1st period - Trey Fix-Wolansky is hit by Jordan Subban and loses puck.
4:42 of 1st period - Joachim Blichfeld is hit by Klim Kostin and loses puck.
4:57 of 1st period - Gustav Olofsson is hit by Michael Rasmussen and loses puck.
5:31 of 1st period - Tyson Jost is hit by Emil Bemstrom and loses puck.
5:48 of 1st period - Wrist shot by Connor Hurley.
5:48 of 1st period - Stopped by Magnus Hellberg without a rebound.
5:49 of 1st period - Rourke Chartier wins face-off versus Nick Shore in Thunderbirds zone.
6:02 of 1st period - Wrist shot by Martin Frk.
6:02 of 1st period - Deflect By Klim Kostin.
6:02 of 1st period - Shot Misses the Net.
6:02 of 1st period - Puck is out of play.
6:03 of 1st period - Tyson Jost wins face-off versus Rourke Chartier in Thunderbirds zone.
6:12 of 1st period - Wrist shot by Alexandre Carrier.
6:12 of 1st period - Stopped by Magnus Hellberg with a rebound.
6:14 of 1st period - Wrist shot by Yegor Sharangovich.
6:14 of 1st period - Stopped by Magnus Hellberg with a rebound.
6:16 of 1st period - Snap shot by Adam Erne.
6:16 of 1st period - Stopped by Magnus Hellberg with a rebound.
6:18 of 1st period - Snap shot by Adam Erne.
6:18 of 1st period - Stopped by Magnus Hellberg with a rebound.
6:28 of 1st period - Michael Rasmussen is hit by Martin Frk and loses puck.
6:39 of 1st period - Snap shot by Martin Frk.
6:39 of 1st period - Shot Misses the Net.
6:53 of 1st period - Snap shot by Emil Bemstrom.
6:53 of 1st period - Deflect By Paul Cotter.
6:53 of 1st period - Shot Misses the Net.
6:53 of 1st period - Puck is out of play.
6:54 of 1st period - Tyson Jost wins face-off versus Trent Frederic in Condors zone.
7:21 of 1st period - Icing by Martin Frk.
7:22 of 1st period - Nick Shore wins face-off versus Michael Rasmussen in Condors zone.
9:15 of 1st period - Slapshot by Adam Erne.
9:15 of 1st period - Stopped by Magnus Hellberg with a rebound.
9:17 of 1st period - Slapshot by Nikolai Knyzhov.
9:17 of 1st period - Deflect By Pierre Engvall.
9:17 of 1st period - Stopped by Magnus Hellberg without a rebound.
9:18 of 1st period - Rourke Chartier wins face-off versus Tyson Jost in Thunderbirds zone.
9:35 of 1st period - Snap shot by Pierre Engvall.
9:35 of 1st period - Shot Blocked by Philip Broberg.
9:37 of 1st period - Snap shot by Joachim Blichfeld.
9:37 of 1st period - Stopped by Stuart Skinner with a rebound.
9:49 of 1st period - Snap shot by Joachim Blichfeld.
9:49 of 1st period - Shot Blocked by Philip Broberg.
10:15 of 1st period - Slapshot by Rourke Chartier.
10:15 of 1st period - Shot Blocked by Alexandre Carrier.
10:17 of 1st period - Wrist shot by Pierre Engvall.
10:17 of 1st period - Stopped by Stuart Skinner with a rebound.
10:19 of 1st period - Slapshot by Dylan Blujus.
10:19 of 1st period - Stopped by Stuart Skinner with a rebound.
10:21 of 1st period - Slapshot by Matt Roy.
10:21 of 1st period - Stopped by Stuart Skinner with a rebound.
10:49 of 1st period - Slapshot by Rourke Chartier.
10:49 of 1st period - Shot Misses the Net.
10:51 of 1st period - Snap shot by Joachim Blichfeld.
10:51 of 1st period - Shot Misses the Net.
10:53 of 1st period - Slapshot by Dylan Blujus.
10:53 of 1st period - Shot Blocked by Adam Erne.
10:55 of 1st period - Wrist shot by Rourke Chartier.
10:55 of 1st period - Shot Misses the Net.
10:57 of 1st period - Snap shot by Rourke Chartier.
10:57 of 1st period - Shot Misses the Net.
11:35 of 1st period - Wrist shot by Rourke Chartier.
11:35 of 1st period - Stopped by Stuart Skinner with a rebound.
11:39 of 1st period - Wrist shot by Pierre Engvall.
11:39 of 1st period - Shot Misses the Net.
11:41 of 1st period - Wrist shot by Pierre Engvall.
11:41 of 1st period - Stopped by Stuart Skinner without a rebound.
11:42 of 1st period - Taro Hirose wins face-off versus Anthony Richard in Condors zone.
11:42 of 1st period - Taro Hirose is hit by Michael Rasmussen.
12:35 of 1st period - Ryan McLeod is hit by Artturi Lehkonen and loses puck.
12:44 of 1st period - Alexander Alexeyev is hit by Calen Addison.
12:56 of 1st period - Nikolai Knyzhov is hit by Dylan Sikura and loses puck.
14:12 of 1st period - Evan Bouchard is hit by Artturi Lehkonen and loses puck.
14:25 of 1st period - Emil Bemstrom is hit by Pontus Holmberg and loses puck.
14:37 of 1st period - Icing by Taro Hirose.
14:38 of 1st period - Connor Hurley wins face-off versus Rasmus Kupari in Condors zone.
14:45 of 1st period - Michael Rasmussen is hit by Taro Hirose.
14:51 of 1st period - Jordan Subban is hit by Dylan Sikura and loses puck.
15:04 of 1st period - Frederic Allard is hit by Raphael Lavoie and loses puck.
16:28 of 1st period - Pierre Engvall is hit by Adam Erne and loses puck.
16:42 of 1st period - Icing by Calen Addison.
16:43 of 1st period - Trent Frederic wins face-off versus Nick Shore in Thunderbirds zone.
17:05 of 1st period - Pierre Engvall is hit by Martin Frk and loses puck.
17:45 of 1st period - Wrist shot by Nick Shore.
17:45 of 1st period - Shot Misses the Net.
17:51 of 1st period - Wrist shot by Martin Frk.
17:51 of 1st period - Shot Misses the Net.
17:53 of 1st period - Snap shot by Evan Bouchard.
17:53 of 1st period - Stopped by Magnus Hellberg with a rebound.
17:55 of 1st period - Wrist shot by Klim Kostin.
17:55 of 1st period - Deflect By Joachim Blichfeld.
17:55 of 1st period - Goal by Klim Kostin - Thunderbirds : 0 - Condors : 1.
17:56 of 1st period - Trent Frederic wins face-off versus Yegor Sharangovich in neutral zone.
18:30 of 1st period - Snap shot by Anthony Richard.
18:30 of 1st period - Stopped by Stuart Skinner without a rebound.
18:31 of 1st period - Connor Hurley wins face-off versus Rourke Chartier in Condors zone.
18:36 of 1st period - Frederic Allard is hit by Alexander Alexeyev and loses puck.
19:23 of 1st period - Wrist shot by Klim Kostin.
19:23 of 1st period - Stopped by Magnus Hellberg with a rebound.
19:25 of 1st period - Wrist shot by Nick Shore.
19:25 of 1st period - Shot Misses the Net.
19:27 of 1st period - Slapshot by Klim Kostin.
19:27 of 1st period - Stopped by Magnus Hellberg without a rebound.
19:28 of 1st period - Rourke Chartier wins face-off versus Connor Hurley in Thunderbirds zone.
19:35 of 1st period - Snap shot by Rourke Chartier.
19:35 of 1st period - Shot Misses the Net.
19:37 of 1st period - Wrist shot by Pierre Engvall.
19:37 of 1st period - Stopped by Stuart Skinner without a rebound.
19:38 of 1st period - Connor Hurley wins face-off versus Pierre Engvall in Condors zone.
19:53 of 1st period - Snap shot by Rourke Chartier.
19:53 of 1st period - Stopped by Stuart Skinner without a rebound.
19:54 of 1st period - Anthony Richard wins face-off versus Tyson Jost in Condors zone.
19:55 of 1st period - Wrist shot by Michael Rasmussen.
19:55 of 1st period - Shot Blocked by Alexandre Carrier.
Goals for this period are 0 for Thunderbirds vs 1 for Condors.
Shots for this period are 11 for Thunderbirds vs 12 for Condors.
2nd period
0:01 of 2nd period - Rourke Chartier wins face-off versus Tyson Jost in neutral zone.
0:06 of 2nd period - Slapshot by Joachim Blichfeld.
0:06 of 2nd period - Deflect By Pierre Engvall.
0:06 of 2nd period - Stopped by Stuart Skinner without a rebound.
0:07 of 2nd period - Rourke Chartier wins face-off versus Tyson Jost in Condors zone.
0:10 of 2nd period - Snap shot by Pierre Engvall.
0:10 of 2nd period - Goal by Pierre Engvall - Thunderbirds : 1 - Condors : 1.
0:11 of 2nd period - Rourke Chartier wins face-off versus Tyson Jost in neutral zone.
0:16 of 2nd period - Snap shot by Tyson Jost.
0:16 of 2nd period - Shot Misses the Net.
0:18 of 2nd period - Slapshot by Evan Bouchard.
0:18 of 2nd period - Stopped by Magnus Hellberg with a rebound.
0:45 of 2nd period - Wrist shot by Martin Frk.
0:45 of 2nd period - Shot Misses the Net.
0:59 of 2nd period - Cody Glass is hit by Rasmus Kupari.
1:25 of 2nd period - Snap shot by Ryan McLeod.
1:25 of 2nd period - Stopped by Magnus Hellberg without a rebound.
1:26 of 2nd period - Tyson Jost wins face-off versus Rourke Chartier in Thunderbirds zone.
1:33 of 2nd period - Wrist shot by Tyson Jost.
1:33 of 2nd period - Shot Misses the Net.
2:37 of 2nd period - Icing by Gustav Olofsson.
2:38 of 2nd period - Tyson Jost wins face-off versus Rasmus Kupari in Condors zone.
2:47 of 2nd period - Snap shot by Adam Erne.
2:47 of 2nd period - Shot Misses the Net.
2:49 of 2nd period - Snap shot by Alexander Alexeyev.
2:49 of 2nd period - Shot Blocked by Dylan Blujus.
2:51 of 2nd period - Wrist shot by Tyson Jost.
2:51 of 2nd period - Shot Misses the Net.
3:19 of 2nd period - Minor Penalty to Rourke Chartier for Slashing.
3:20 of 2nd period - Nick Shore wins face-off versus Trent Frederic in Thunderbirds zone.
5:19 of 2nd period - Penalty to Rourke Chartier is over, Rourke Chartier is back on ice.
5:40 of 2nd period - Wrist shot by Emil Bemstrom.
5:40 of 2nd period - Shot Blocked by Alexandre Carrier.
7:24 of 2nd period - Calen Addison is hit by Nikolai Knyzhov and loses puck.
7:39 of 2nd period - Nikolai Knyzhov is hit by Calen Addison and loses puck.
8:06 of 2nd period - Trent Frederic is hit by Tyson Jost and loses puck.
8:23 of 2nd period - Snap shot by Dylan Sikura.
8:23 of 2nd period - Stopped by Stuart Skinner with a rebound.
8:25 of 2nd period - Wrist shot by Dylan Sikura.
8:25 of 2nd period - Shot Misses the Net.
8:31 of 2nd period - Minor Penalty to Nick Shore for High sticking.
8:32 of 2nd period - Rourke Chartier wins face-off versus Yegor Sharangovich in Condors zone.
8:45 of 2nd period - Slapshot by Joachim Blichfeld.
8:45 of 2nd period - Stopped by Stuart Skinner with a rebound.
8:47 of 2nd period - Slapshot by Matt Roy.
8:47 of 2nd period - Shot Blocked by Alexander Alexeyev.
10:00 of 2nd period - Snap shot by Emil Bemstrom.
10:00 of 2nd period - Stopped by Stuart Skinner without a rebound.
10:01 of 2nd period - Adam Erne wins face-off versus Rourke Chartier in Condors zone.
10:28 of 2nd period - Joachim Blichfeld is hit by Gustav Olofsson and loses puck.
10:31 of 2nd period - Penalty to Nick Shore is over, Nick Shore is back on ice.
10:39 of 2nd period - Snap shot by Klim Kostin.
10:39 of 2nd period - Goal by Klim Kostin - Thunderbirds : 1 - Condors : 2.
10:40 of 2nd period - Rasmus Kupari wins face-off versus Nick Shore in neutral zone.
10:51 of 2nd period - Evan Bouchard is hit by Trey Fix-Wolansky and loses puck.
11:10 of 2nd period - Evan Bouchard is hit by Rourke Chartier and loses puck.
11:19 of 2nd period - Snap shot by Pierre Engvall.
11:19 of 2nd period - Stopped by Stuart Skinner with a rebound.
11:21 of 2nd period - Snap shot by Rourke Chartier.
11:21 of 2nd period - Stopped by Stuart Skinner with a rebound.
11:37 of 2nd period - Snap shot by Emil Bemstrom.
11:37 of 2nd period - Shot Blocked by Adam Erne.
11:39 of 2nd period - Slapshot by Frederic Allard.
11:39 of 2nd period - Stopped by Stuart Skinner with a rebound.
11:41 of 2nd period - Snap shot by Paul Cotter.
11:41 of 2nd period - Stopped by Stuart Skinner with a rebound.
11:43 of 2nd period - Wrist shot by Emil Bemstrom.
11:43 of 2nd period - Stopped by Stuart Skinner without a rebound.
11:44 of 2nd period - Rourke Chartier wins face-off versus Tyson Jost in Condors zone.
12:03 of 2nd period - Joachim Blichfeld is hit by Tyson Jost and loses puck.
12:26 of 2nd period - Snap shot by Tyson Jost.
12:26 of 2nd period - Stopped by Magnus Hellberg with a rebound.
12:28 of 2nd period - Wrist shot by Adam Erne.
12:28 of 2nd period - Shot Blocked by Henri Jokiharju.
12:30 of 2nd period - Wrist shot by Adam Erne.
12:30 of 2nd period - Goal by Adam Erne - Thunderbirds : 1 - Condors : 3.
12:31 of 2nd period - Nick Shore wins face-off versus Rourke Chartier in neutral zone.
12:45 of 2nd period - Minor Penalty to Klim Kostin for Holding.
12:46 of 2nd period - Rourke Chartier wins face-off versus Nick Shore in Condors zone.
12:48 of 2nd period - Wrist shot by Joachim Blichfeld.
12:48 of 2nd period - Shot Misses the Net.
12:50 of 2nd period - Snap shot by Joachim Blichfeld.
12:50 of 2nd period - Stopped by Stuart Skinner with a rebound.
13:03 of 2nd period - Off-side.
13:04 of 2nd period - Anthony Richard wins face-off versus Nick Shore in neutral zone.
13:11 of 2nd period - Snap shot by Anthony Richard.
13:11 of 2nd period - Deflect By Emil Bemstrom.
13:11 of 2nd period - Shot Blocked by Adam Erne.
13:11 of 2nd period - Puck is out of play.
13:12 of 2nd period - Nick Shore wins face-off versus Anthony Richard in Condors zone.
13:20 of 2nd period - Icing by Sami Niku.
13:21 of 2nd period - Anthony Richard wins face-off versus Nick Shore in Thunderbirds zone.
13:49 of 2nd period - Snap shot by Anthony Richard.
13:49 of 2nd period - Stopped by Stuart Skinner without a rebound.
13:50 of 2nd period - Rourke Chartier wins face-off versus Adam Erne in Condors zone.
13:57 of 2nd period - Wrist shot by Joachim Blichfeld.
13:57 of 2nd period - Shot Misses the Net.
14:45 of 2nd period - Penalty to Klim Kostin is over, Klim Kostin is back on ice.
14:51 of 2nd period - Snap shot by Yegor Sharangovich.
14:51 of 2nd period - Deflect By Klim Kostin.
14:51 of 2nd period - Shot Misses the Net.
14:51 of 2nd period - Puck is out of play.
14:52 of 2nd period - Trey Fix-Wolansky wins face-off versus Connor Hurley in Thunderbirds zone.
15:17 of 2nd period - Gustav Olofsson is hit by Joachim Blichfeld and loses puck.
15:28 of 2nd period - Snap shot by Ryan McLeod.
15:28 of 2nd period - Stopped by Magnus Hellberg with a rebound.
15:49 of 2nd period - Slapshot by Sami Niku.
15:49 of 2nd period - Deflect By Michael Rasmussen.
15:49 of 2nd period - Stopped by Stuart Skinner with a rebound.
16:03 of 2nd period - Klim Kostin is hit by Sami Niku and loses puck.
16:10 of 2nd period - Slapshot by Trent Frederic.
16:10 of 2nd period - Stopped by Stuart Skinner without a rebound.
16:11 of 2nd period - Rourke Chartier wins face-off versus Tyson Jost in Condors zone.
16:26 of 2nd period - Adam Erne is hit by Joachim Blichfeld and loses puck.
16:45 of 2nd period - Michael Rasmussen is hit by Alexander Alexeyev and loses puck.
16:52 of 2nd period - Martin Frk is hit by Michael Rasmussen and loses puck.
18:25 of 2nd period - Trent Frederic is hit by Pontus Holmberg and loses puck.
18:50 of 2nd period - Snap shot by Connor Hurley.
18:50 of 2nd period - Shot Misses the Net.
18:52 of 2nd period - Snap shot by Taro Hirose.
18:52 of 2nd period - Stopped by Magnus Hellberg with a rebound.
18:54 of 2nd period - Snap shot by Taro Hirose.
18:54 of 2nd period - Shot Blocked by Calen Addison.
18:56 of 2nd period - Wrist shot by Connor Hurley.
18:56 of 2nd period - Stopped by Magnus Hellberg with a rebound.
18:58 of 2nd period - Wrist shot by Connor Hurley.
18:58 of 2nd period - Stopped by Magnus Hellberg without a rebound.
18:59 of 2nd period - Rourke Chartier wins face-off versus Tyson Jost in Thunderbirds zone.
19:01 of 2nd period - Minor Penalty to Rourke Chartier for Roughing.
19:02 of 2nd period - Nick Shore wins face-off versus Trent Frederic in Thunderbirds zone.
19:36 of 2nd period - Icing by Alexandre Carrier.
19:37 of 2nd period - Trent Frederic wins face-off versus Tyson Jost in Condors zone.
Goals for this period are 1 for Thunderbirds vs 2 for Condors.
Shots for this period are 14 for Thunderbirds vs 9 for Condors.
3rd period
0:01 of 3rd period - Nick Shore wins face-off versus Trent Frederic in neutral zone.
0:30 of 3rd period - Snap shot by Yegor Sharangovich.
0:30 of 3rd period - Shot Misses the Net.
1:01 of 3rd period - Penalty to Rourke Chartier is over, Rourke Chartier is back on ice.
1:22 of 3rd period - Snap shot by Ryan McLeod.
1:22 of 3rd period - Stopped by Magnus Hellberg with a rebound.
1:51 of 3rd period - Snap shot by Anthony Richard.
1:51 of 3rd period - Stopped by Stuart Skinner with a rebound.
2:24 of 3rd period - Slapshot by Adam Erne.
2:24 of 3rd period - Stopped by Magnus Hellberg without a rebound.
2:25 of 3rd period - Anthony Richard wins face-off versus Tyson Jost in Thunderbirds zone.
2:42 of 3rd period - Snap shot by Adam Erne.
2:42 of 3rd period - Shot Misses the Net.
2:44 of 3rd period - Slapshot by Alexandre Carrier.
2:44 of 3rd period - Stopped by Magnus Hellberg without a rebound.
2:45 of 3rd period - Nick Shore wins face-off versus Rourke Chartier in Thunderbirds zone.
2:54 of 3rd period - Snap shot by Nick Shore.
2:54 of 3rd period - Stopped by Magnus Hellberg with a rebound.
2:56 of 3rd period - Slapshot by Evan Bouchard.
2:56 of 3rd period - Stopped by Magnus Hellberg without a rebound.
2:57 of 3rd period - Tyson Jost wins face-off versus Joachim Blichfeld in Thunderbirds zone.
4:13 of 3rd period - Double Minor Penalty to Alexander Alexeyev for Roughing.
4:14 of 3rd period - Nick Shore wins face-off versus Rourke Chartier in Condors zone.
4:40 of 3rd period - Jordan Subban is hit by Paul Cotter and loses puck.
7:19 of 3rd period - Adam Erne is hit by Sami Niku and loses puck.
8:13 of 3rd period - Penalty to Alexander Alexeyev is over, Alexander Alexeyev is back on ice.
9:22 of 3rd period - Trent Frederic is hit by Gustav Olofsson and loses puck.
9:39 of 3rd period - Nick Shore is hit by Anthony Richard.
9:42 of 3rd period - Icing by Martin Frk.
9:43 of 3rd period - Nick Shore wins face-off versus Rasmus Kupari in Condors zone.
10:00 of 3rd period - Calen Addison is hit by Cody Glass and loses puck.
10:23 of 3rd period - Slapshot by Alexandre Carrier.
10:23 of 3rd period - Deflect By Trent Frederic.
10:23 of 3rd period - Stopped by Magnus Hellberg with a rebound.
10:25 of 3rd period - Wrist shot by Ryan McLeod.
10:25 of 3rd period - Stopped by Magnus Hellberg without a rebound.
10:26 of 3rd period - Trent Frederic wins face-off versus Ryan McLeod in Thunderbirds zone.
10:41 of 3rd period - Pontus Holmberg is hit by Emil Bemstrom and loses puck.
11:09 of 3rd period - Minor Penalty to Raphael Lavoie for Tripping.
11:10 of 3rd period - Nick Shore wins face-off versus Rourke Chartier in Condors zone.
11:20 of 3rd period - Snap shot by Rourke Chartier.
11:20 of 3rd period - Goal by Rourke Chartier - Thunderbirds : 2 - Condors : 3.
11:21 of 3rd period - Tyson Jost wins face-off versus Rourke Chartier in neutral zone.
11:24 of 3rd period - Calen Addison is hit by Tyson Jost and loses puck.
11:56 of 3rd period - Wrist shot by Trent Frederic.
11:56 of 3rd period - Shot Misses the Net.
12:17 of 3rd period - Icing by Klim Kostin.
12:18 of 3rd period - Nick Shore wins face-off versus Rourke Chartier in Condors zone.
12:32 of 3rd period - Snap shot by Rourke Chartier.
12:32 of 3rd period - Shot Misses the Net.
12:34 of 3rd period - Wrist shot by Rourke Chartier.
12:34 of 3rd period - Stopped by Stuart Skinner without a rebound.
12:35 of 3rd period - Anthony Richard wins face-off versus Connor Hurley in Condors zone.
12:50 of 3rd period - Snap shot by Taro Hirose.
12:50 of 3rd period - Stopped by Magnus Hellberg with a rebound.
13:07 of 3rd period - Alexandre Carrier is hit by Pierre Engvall and loses puck.
13:14 of 3rd period - Slapshot by Rourke Chartier.
13:14 of 3rd period - Stopped by Stuart Skinner without a rebound.
13:15 of 3rd period - Tyson Jost wins face-off versus Rourke Chartier in Condors zone.
13:20 of 3rd period - Joachim Blichfeld is hit by Alexander Alexeyev and loses puck.
13:41 of 3rd period - Anthony Richard is hit by Gustav Olofsson.
13:57 of 3rd period - Minor Penalty to Dylan Blujus for Roughing.
13:58 of 3rd period - Trent Frederic wins face-off versus Adam Erne in Thunderbirds zone.
13:58 of 3rd period - Trent Frederic is hit by Martin Frk.
14:44 of 3rd period - Adam Erne is hit by Dylan Sikura.
14:48 of 3rd period - Slapshot by Anthony Richard.
14:48 of 3rd period - Shot Misses the Net.
15:57 of 3rd period - Penalty to Dylan Blujus is over, Dylan Blujus is back on ice.
16:32 of 3rd period - Icing by Pontus Holmberg.
16:33 of 3rd period - Ryan McLeod wins face-off versus Rasmus Kupari in Condors zone.
16:57 of 3rd period - Alexander Alexeyev is hit by Henri Jokiharju and loses puck.
17:15 of 3rd period - Connor Hurley is hit by Sami Niku and loses puck.
17:40 of 3rd period - Martin Frk is hit by Joachim Blichfeld and loses puck.
17:49 of 3rd period - Snap shot by Martin Frk.
17:49 of 3rd period - Shot Blocked by Rasmus Kupari.
18:45 of 3rd period - Thunderbirds, Magnus Hellberg is pulled from the net.
19:15 of 3rd period - Snap shot by Martin Frk.
19:15 of 3rd period - Shot Misses the Net.
19:17 of 3rd period - Wrist shot by Martin Frk.
19:17 of 3rd period - Shot Blocked by Rourke Chartier.
19:19 of 3rd period - Slapshot by Nick Shore.
19:19 of 3rd period - Goal by Nick Shore - Thunderbirds : 2 - Condors : 4.
19:19 of 3rd period - Magnus Hellberg from Thunderbirds was sent back in the game.
19:20 of 3rd period - Connor Hurley wins face-off versus Emil Bemstrom in neutral zone.
19:25 of 3rd period - Snap shot by Cody Glass.
19:25 of 3rd period - Shot Blocked by Paul Cotter.
Goals for this period are 1 for Thunderbirds vs 1 for Condors.
Shots for this period are 4 for Thunderbirds vs 9 for Condors.